AoeStats
← AgusssMetall

Arabia

511450488Analyzed
3v3 RM · 12d ago on Oct 5, 2026· 16m 1s· 6 players
Game mode
Random Map
Map size
Normal (6 player)
Population
200
Speed
Normal
Resources
Standard
Victory
Conquest
Starting age
Dark Age
Ending age
Imperial Age
RankedLock teamsTeams togetherTeam positionsShared explorationLock speedFull tech treeHidden civsTurbo modeCheats
Victory
Defeat
🇦🇷 Khitans · Argentina
1308
+12
🇦🇷 Britons · Argentina
1298
+12
🇦🇷 Japanese · Argentina
1155
+18
vs
🇵🇦 Chinese · Panama
1210
-14
🇵🇦 Ethiopians · Panama
1207
-14
🇵🇦 Magyars · Panama
1204
-14
OnlyFarms
0:31 Loom
9:30 Feudal Age
10:21 Double-Bit Axe
Chitreano
7:46 Loom
7:53 Loom
10:26 Feudal Age
hlezcano91
5:45 Loom
11:54 Feudal Age
12:32 Double-Bit Axe
14:20 Fletching
Coneishon
7:14 Loom
9:30 Feudal Age
14:44 Fletching
AgusssMetall
5:14 Loom
5:18 Loom
8:48 Feudal Age
12:25 Double-Bit Axe
13:52 Wheelbarrow
Coniopolis
6:46 Loom
6:51 Loom
9:54 Feudal Age
10:16 Man-at-Arms
10:42 Arson
11:12 Double-Bit Axe
14:29 Scale Mail Armor
15:55 Fletching
Connection lost

Rejoining the realm…

Still unreachable

The connection could not be restored.

Session expired

The server has moved on; the page needs a fresh start.